Cogmind - Beta 15 *** ADVENTURER MODE // 2025.09.18 @ 00:15:58 Player: anung_un_rama Result: Destroyed by G-73 Enforcer with Phase Gun Performance ------------- Evolutions (8) 4000 Regions Visited (19) 3800 Robots Destroyed (488) 2440 Value Destroyed (26828) 26828 Prototype IDs (58) 1160 Alien Tech Used (0) 0 Bonus (9792) 9792 TOTAL SCORE: 48020 Bonus ------- Triggered Max Security 1000 High Alert Combat Kills 5053 Follower Combat Kills 553 Entered DSFs 500 Network Hubs Disabled 400 Aligned with FarCom 300 Met R17 at Cetus 500 Met R17 at Research 2000 Scanned by Researcher 500 Friendly Fire -1014 Cogmind --------- Core Integrity 0/1450 Matter 53/300 Energy 100/100 System Corruption 70% Temperature Cool (9) Movement Core (50) Location -2/Testing Parts ------- > --- POWER (1) -------- (None) > --- PROPULSION (6) --- (None) > --- UTILITY (8) ------ (None) > --- WEAPON (8) ------- (None) > --- INVENTORY (5) ---- Quantum Reactor Advanced Heat Sink Compact Battery (200) Improved Point Defense System Ragnarok Missile Launcher Peak State ------------ > --- POWER ------------ Reinforced Quantum Reactor > --- PROPULSION ------- Advanced Medium Treads Biometal Medium Treads Advanced Heavy Treads Advanced Heavy Siege Treads > --- UTILITY ---------- Advanced Power Amplifier Advanced Heat Sink Advanced Heat Sink Advanced Cooling System High-capacity Storage Unit Layered Light Armor Plating Centrium Medium Armor Plating Long-range Tractor Beam > --- WEAPON ----------- Advanced Plasma Rifle Advanced Variable Charge Gun Cooled Phase Gun Quantum Rifle Nova Cannon Hypervelocity Multirail Enhanced Hardcell Cannon Compact Linear Accelerator > --- INVENTORY -------- Quantum Reactor Reinforced Quantum Reactor Medium Treads Medium Treads Medium Treads Advanced Heat Sink Advanced Coolant Injector Compact Battery Matter Compressor Graphene Brace Improved Point Defense System Enhanced Nova Cannon Heavy Machine Gun KE Penetrator Railgun Heavy Linear Accelerator Compact Linear Accelerator Compact Linear Accelerator Ragnarok Missile Launcher [Rating: 186] Favorites ----------- Power Reinforced Ion Engine Engine Reinforced Ion Engine Power Core Neutrino Core Reactor Quantum Reactor Propulsion Light Treads Treads Light Treads Leg Myomer Leg Flight Unit Improved Flight Unit Utility High-capacity Storage Unit Device Weapon Cycler Storage High-capacity Storage Unit Processor Core Analyzer Hackware Hacking Suite Protection Layered Medium Armor Plating Weapon KE Penetrator Energy Gun Cooled Plasma Rifle Energy Cannon Nova Cannon Ballistic Gun KE Penetrator Ballistic Cannon Hardcell Cannon Launcher Ragnarok Missile Launcher Impact Weapon Shock Maul Slashing Weapon Chainsword Piercing Weapon Plasma Lance Build | -11 -10 -10 -9 -9 -9 -8 -8 -7 -6 -6 -5 -4 -4 -4 -4 -4 -3 -2 -2 ------- Run | Yrd Mat Min Mat Min Exi Min Mat Fac Fac DSF Fac Fac Ext Cet Arc Hub Res Res Tes Slots Evolved 16 | . . . 2 . . . 2 2 2 . 2 2 . . . . 2 2 . Power . | . . . . . . . . . . . . . . . . . . . . Propulsion 4 | . . . 1 . . . . 1 1 . . . . . . . 1 . . Utility 6 | . . . . . . . 2 . . . 2 1 . . . . . 1 . Weapon 6 | . . . 1 . . . . 1 1 . . 1 . . . . 1 1 . Parts Attached 235 | 7 4 5 7 2 1 1 4 14 2 14 9 17 14 9 3 6 43 61 12 Power 17 | 1 1 . . 1 . . . 3 . 1 . . 2 1 . 1 3 3 . Engine 6 | 1 1 . . 1 . . . 3 . . . . . . . . . . . Core 5 | . . . . . . . . . . 1 . . 2 . . 1 1 . . Reactor 6 | . . . . . . . . . . . . . . 1 . . 2 3 . Propulsion 50 | 2 1 . 3 . 1 . . 5 1 8 1 4 2 1 . 1 8 9 3 Treads 48 | 2 . . 3 . 1 . . 5 1 8 1 4 2 1 . 1 7 9 3 Leg 1 | . . . . . . . . . . . . . . . . . 1 . . Wheel . | . . . . . . . . . . . . . . . . . . . . Hover . | . . . . . . . . . . . . . . . . . . . . Flight 1 | . 1 . . . . . . . . . . . . . . . . . . Utility 71 | 2 1 1 . . . . 1 4 1 2 2 7 7 1 . 2 16 22 2 Device 37 | 1 . 1 . . . . . 1 . 1 1 5 3 . . 2 5 15 2 Storage 4 | 1 1 . . . . . 1 . . . . . . . . . 1 . . Processor 2 | . . . . . . . . 1 . . . . . . . . . 1 . Hackware 1 | . . . . . . . . . . . . . . . . . 1 . . Protection 27 | . . . . . . . . 2 1 1 1 2 4 1 . . 9 6 . Artifact . | . . . . . . . . . . . . . . . . . . . . Weapon 97 | 2 1 4 4 1 . 1 3 2 . 3 6 6 3 6 3 2 16 27 7 Energy Gun 19 | 1 . 2 . . . 1 1 . . . 2 1 . 1 . 1 3 5 1 Energy Cannon 4 | . . . 1 . . . . . . . . . . 1 . . . 1 1 Ballistic Gun 56 | 1 1 2 3 . . . 2 1 . 3 3 4 3 4 3 1 11 11 3 Ballistic Cannon 9 | . . . . . . . . . . . . 1 . . . . . 6 2 Launcher 5 | . . . . 1 . . . . . . 1 . . . . . 1 2 . Special Weapon . | . . . . . . . . . . . . . . . . . . . . Impact Weapon 1 | . . . . . . . . . . . . . . . . . 1 . . Slashing Weapon 2 | . . . . . . . . 1 . . . . . . . . . 1 . Piercing Weapon 1 | . . . . . . . . . . . . . . . . . . 1 . Special Melee Weapon . | . . . . . . . . . . . . . . . . . . . . Unidentified Prototypes 35 | . 1 . 1 . . . 2 2 . . 2 3 . 3 . 3 6 11 1 Corrupted Parts 1 | . . . . . . . . . . . . . . . . . . 1 . System Corruption 9 | . . . . . . . . . . . . . . . . . . 9 . Parts Lost 94 | . . . 2 . . . . . . . 2 1 1 2 1 1 23 35 26 Power 2 | . . . . . . . . . . . . . . . . . . 1 1 Propulsion 18 | . . . 2 . . . . . . . . . 1 . . . 4 5 6 Utility 31 | . . . . . . . . . . . . 1 . 1 . . 10 12 7 Weapon 43 | . . . . . . . . . . . 2 . . 1 1 1 9 17 12 Highest Loss Streak 17 | . . . 1 . . . . . . . 1 1 1 2 1 1 10 4 17 To Critical Strikes 1 | . . . . . . . . . . . . . . . . . . 1 . Average Backups 15 | . 3 9 9 10 9 9 10 17 18 19 19 19 18 16 16 16 16 18 14 Power 1 | . 1 2 2 1 1 1 1 1 2 2 2 2 2 2 2 2 2 1 1 Propulsion 3 | . . 1 . 2 2 3 3 4 3 4 5 5 4 3 3 3 2 3 1 Utility 5 | . . 2 2 2 . . . 3 7 8 8 8 7 5 5 5 6 4 4 Weapon 5 | . . 4 4 4 4 5 6 7 6 5 3 3 3 5 6 6 5 8 5 Tool/Special . | . . . . . . . . . . . . . . . . . . . . Unused Backups 40 | . 1 3 1 . 1 . . 1 1 3 5 3 1 5 1 . 2 9 3 Power 8 | . 1 . . . . . . . . 1 . . . 2 . . . 2 2 Propulsion 9 | . . . . . . . . . . 1 . 2 1 1 . . . 4 . Utility 15 | . . 3 . . 1 . . . 1 1 4 1 . 2 . . 1 . 1 Weapon 8 | . . . 1 . . . . 1 . . 1 . . . 1 . 1 3 . Tool/Special . | . . . . . . . . . . . . . . . . . . . . Average Slot Usage (%) 91 | . 100 100 96 100 100 88 72 90 92 95 99 94 90 88 88 88 83 90 76 Engine 3 | . 14 14 11 11 11 11 9 7 6 4 . . . . . . . . . Core 2 | . . . . . . . . . . 1 5 5 5 . . 2 4 2 . Treads 22 | . 28 28 29 33 33 33 27 30 32 32 29 22 17 14 15 15 13 18 12 Device 16 | . 14 14 11 11 11 11 9 13 6 6 16 20 21 20 21 21 17 16 19 Storage 6 | . 14 14 11 11 11 11 9 7 6 6 5 5 5 5 5 5 4 4 5 Processor 3 | . . . . . . . . 5 6 6 5 5 5 5 5 5 4 2 . Protection 4 | . . . . . . . . 1 6 6 5 5 5 5 5 5 5 10 4 Energy Gun 3 | . 10 1 . . . 10 9 7 6 3 1 5 5 . . . 1 4 10 Ballistic Gun 24 | . 17 26 32 32 33 11 9 14 20 25 27 23 25 30 27 26 25 23 6 Ballistic Cannon 1 | . . . . . . . . . . . . . . . 3 4 3 3 6 Peak Build Rating 186 | 7 10 13 15 14 15 26 29 52 55 67 75 112 117 139 138 139 163 182 186 Average Rating 93 | 4 7 9 12 14 14 25 26 45 54 60 69 98 115 128 137 137 149 156 144 On Entrance 65 | . 7 9 9 14 14 15 26 29 52 55 60 73 110 117 136 138 139 135 179 Naked Turns 3 | . . . . . . . . . . . . . . . . . . . 3 Heaviest Build 154 | 14 23 27 30 30 30 32 62 74 82 82 90 104 105 112 113 113 122 152 154 Greatest Support 235 | 40 40 40 60 60 60 60 60 80 100 108 108 150 175 185 185 190 235 220 215 Greatest Overweight (x) 38 | . . . . . . . 1 . . 1 . . . . . . 1 1 38 Average Overweight (x) . | . . . . . . . . . . . . . . . . . . . 8 Largest Inventory Capacity 20 | 8 10 10 10 10 10 10 20 20 20 20 20 20 20 20 20 20 20 20 20 Average Capacity 17 | 7 8 10 10 10 10 10 14 20 20 20 20 20 20 20 20 20 20 20 19 Most Carried 20 | 1 9 10 10 10 10 10 13 20 19 20 20 20 20 20 20 20 20 20 20 Average Carried 16 | . 3 9 9 9 9 9 10 17 18 19 19 19 19 19 19 19 18 19 14 Final Capacity 20 | 8 10 10 10 10 10 10 20 20 20 20 20 20 20 20 20 20 20 20 5 Final Carried 20 | 1 8 10 10 10 10 10 13 20 19 20 20 20 20 20 20 20 20 20 5 Class Distribution -------------------- 52% | Scavenger-Executioner 29% | Scavenger-Gunner 5% | Mutant 3% | Skirmisher 3% | Scavenger-Skirmisher Dominant Class ---------------- Mutant | -10/Materials Mutant | -10/Mines Scavenger-Gunner | -9/Materials Scavenger-Gunner | -9/Mines Gunner | -9/Exiles Skirmisher | -8/Mines Scavenger-Skirmisher | -8/Materials Scavenger-Gunner | -7/Factory Scavenger-Gunner | -6/Factory Scavenger-Gunner | -6/DSF Scavenger-Gunner | -5/Factory Scavenger-Executioner | -4/Factory Scavenger-Executioner | -4/Extension Scavenger-Executioner | -4/Cetus Scavenger-Executioner | -4/Archives Scavenger-Executioner | -4/Hub_04(d) Scavenger-Executioner | -3/Research Scavenger-Executioner | -2/Research Scavenger-Executioner | -2/Testing Resources | -11 -10 -10 -9 -9 -9 -8 -8 -7 -6 -6 -5 -4 -4 -4 -4 -4 -3 -2 -2 ----------- Run | Yrd Mat Min Mat Min Exi Min Mat Fac Fac DSF Fac Fac Ext Cet Arc Hub Res Res Tes Matter Collected 17425 | 216 165 205 287 226 10 46 73 316 . 690 1040 1220 1340 709 298 392 3389 6362 441 Remotely 6574 | . . . . . . . . . . . . 570 . 236 . . 1798 3794 176 Salvage Created 27778 | 19 337 340 831 383 . 305 268 731 . 516 2145 2154 3154 1223 433 1340 4284 7941 1374 Parts 1236 | 3 33 16 40 31 . 10 14 35 . 31 110 117 140 52 19 74 150 316 45 Haulers Intercepted 20 | . 1 . 2 . . . . 1 . 1 1 1 1 . . 3 2 7 . Recyclers Shooed 10 | . . . 3 . . . 1 . . . 1 1 1 . . . . 3 . Parts Field Recycled . | . . . . . . . . . . . . . . . . . . . . Retrieved Matter . | . . . . . . . . . . . . . . . . . . . . Parts Self-Destructed . | . . . . . . . . . . . . . . . . . . . . Prevented . | . . . . . . . . . . . . . . . . . . . . Kills | -11 -10 -10 -9 -9 -9 -8 -8 -7 -6 -6 -5 -4 -4 -4 -4 -4 -3 -2 -2 ------- Run | Yrd Mat Min Mat Min Exi Min Mat Fac Fac DSF Fac Fac Ext Cet Arc Hub Res Res Tes Combat Hostiles Destroyed 373 | . 11 9 8 14 . 5 6 9 . 9 20 29 29 14 4 12 66 98 30 Guns 309 | . 10 9 8 10 . 5 6 9 . 9 20 29 28 14 4 7 52 74 15 Cannons 26 | . . . . . . . . . . . . . 1 . . 2 11 10 2 AOE 30 | . 1 . . 4 . . . . . . . . . . . . 2 11 12 Classes Destroyed 24 | 1 4 . 3 . . 1 . 5 . 1 1 . 1 . . . 3 3 1 Worker 9 | . . . 1 1 . . . . . . 2 . . . . 1 . 4 . Builder 16 | . . . . . . . . 1 . . 3 2 2 . . 7 . 1 . Tunneler 7 | 1 . . . 2 . . . . . . . 2 . . . . . 2 . Hauler 20 | . 1 . 2 . . . . 1 . 1 1 1 1 . . 3 2 7 . Recycler 18 | . . . 4 . . 1 . 1 . . 5 . 4 . . . . 3 . Mechanic 4 | . . . . . . . . . . . 1 . . . . . . 1 2 Operator 6 | . . . . . . . . 1 . . 2 . . . 2 . 1 . . Watcher 29 | . 3 . 4 . . . 2 1 . . 2 . 3 2 . 3 . 9 . Swarmer 44 | . 9 2 3 8 . . 3 . . 3 4 . . . . . 8 4 . Saboteur 5 | . . . . . . . . . . . . . . . . . . 2 3 Grunt 130 | . 2 7 3 6 . 4 . 1 . 3 5 10 12 6 . 7 26 26 12 Brawler 15 | . . . . . . . . 1 . . 1 1 1 1 . . 3 6 1 Duelist 15 | . . . . . . 1 . 1 . . . 1 1 . . . . 5 6 Protector 4 | . . . . . . . . . . . . . . . . . . 2 2 Sentry 33 | . . . 2 . . . 3 4 . . 3 2 9 . 4 1 1 4 . Demolisher 5 | . . . . . . . . . . . . . . . . . 5 . . Specialist 2 | . . . . . . . . . . . . . . . . . . 2 . Hunter 34 | . . . . . . . . 1 . 2 1 6 1 2 . 2 6 13 . Programmer 51 | . . . . . . . . 1 . . 6 8 2 . . 2 1 29 2 Heavy 4 | . . . . . . . . . . 1 . 1 . . . . . 2 . Behemoth 5 | . . . . . . . . . . . . . 2 . . . . 3 . Cetus Guard 5 | . . . . . . . . . . . . . . 5 . . . . . Investigator 1 | . . . . . . . . . . . . . . . . . . . 1 Striker 16 | . . . . . . . . . . . . . . . . . 13 . 3 Executioner 4 | . . . . . . . . . . . . . . . . . 3 . 1 Thug 2 | . . . . . . . . . . . . . 1 1 . . . . . Savage 1 | . . . . . . . . . . . . . 1 . . . . . . Guerrilla 3 | . . . . . . . . . . . . . 1 2 . . . . . Best Kill Streak 33 | 1 5 2 5 4 . 4 3 3 . 4 6 6 8 6 4 11 17 11 33 Combat Bots Only 30 | . 4 2 3 4 . 3 3 3 . 4 4 6 8 6 3 5 17 8 30 Max Kills in Single Turn 4 | 1 1 1 1 4 . 1 1 1 . 1 2 2 3 3 1 3 3 4 4 Gunslinging 2 | . . . . 1 . . . . . . 1 1 1 1 . 1 1 2 . Exploded 4 | . 1 . . 4 . . . . . . . . . . . . 1 4 3 Melee . | . . . . . . . . . . . . . . . . . . . . Uniques/NPCs Destroyed . | . . . . . . . . . . . . . . . . . . . . Combat | -11 -10 -10 -9 -9 -9 -8 -8 -7 -6 -6 -5 -4 -4 -4 -4 -4 -3 -2 -2 -------- Run | Yrd Mat Min Mat Min Exi Min Mat Fac Fac DSF Fac Fac Ext Cet Arc Hub Res Res Tes Hostile Shots Fired 2247 | . 32 52 24 28 . 21 18 88 . 50 84 90 70 76 15 47 463 675 414 Missed 604 | . 7 15 8 8 . 2 3 39 . 12 15 26 19 16 1 11 120 202 100 Intercepted 3 | . . . . . . . . . . . . . . . . . 3 . . Hits 1643 | . 25 37 16 20 . 19 15 49 . 38 69 64 51 60 14 36 343 473 314 Melee 61 | . . . . . . 1 . 1 . . 2 . . . . . 13 18 26 Projectile 1582 | . 25 37 16 20 . 18 15 48 . 38 67 64 51 60 14 36 330 455 288 AOE 5 | . . . . . . . . . . . . . . . . . 4 . 1 Critical Strikes 88 | . . 1 1 . . 2 . . . 2 6 3 2 6 . . 19 27 19 Actively Blocked 20 | . . . . . . . . . . . . . . . . . . 4 16 Part Disruptions 8 | . . . . . . . . . . . . . . . . . . 3 5 Damage Taken 28300 | . 166 366 139 160 . 248 156 315 . 759 1089 1067 1007 1088 300 644 6410 10140 4246 Core 2606 | . 28 66 21 30 . 61 11 13 . . 104 84 57 24 . 49 606 901 551 Absorbed by Shields 1973 | . . . . . . . . . . . . . . . . . . . 1973 Reduced by Siege Mode 1004 | . . . . . . . . . . . . 9 . 83 . 9 316 455 132 Redirected to Shielding 167 | . . . . . . . . . . . . . . . . . . 167 . Ignored by Resistances 8292 | . 52 110 42 52 . 70 45 105 . 207 298 302 279 306 82 177 1771 2708 1686 Regen/Repaired (Parts) 191 | . . . . . . . . . . . . 191 . . . . . . . Core Remaining (%) 83 | 100 . 62 . . . 72 98 98 . 100 89 . . . . 81 53 . . Volleys Fired 749 | 2 36 31 45 20 . 13 10 19 . 22 54 64 55 32 11 17 99 189 30 Largest 8 | 2 2 2 3 3 . 1 1 2 . 5 5 6 6 6 6 6 7 8 8 Hottest 550 | 60 60 130 69 69 . 23 23 53 . 130 136 175 197 240 221 225 489 550 549 Shots Fired 3635 | 3 65 62 135 54 . 44 37 79 . 92 254 258 318 147 65 100 596 1199 127 Gun 3298 | 3 65 62 135 52 . 44 37 79 . 92 253 245 312 142 64 87 522 1019 85 Cannon 311 | . . . . . . . . . . . . 10 6 5 1 13 72 168 36 Launcher 26 | . . . . 2 . . . . . . 1 3 . . . . 2 12 6 Special . | . . . . . . . . . . . . . . . . . . . . Kinetic 3065 | 2 44 50 135 52 . 13 10 38 . 72 242 210 274 138 65 100 532 1002 86 Thermal 522 | . . 12 . . . 31 27 41 . 20 11 45 44 9 . . 62 185 35 Explosive 26 | . . . . 2 . . . . . . 1 3 . . . . 2 12 6 Electromagnetic 22 | 1 21 . . . . . . . . . . . . . . . . . . Robot Hit Streak 44 | 3 16 14 26 13 . 24 8 23 . 29 22 14 28 29 12 23 35 44 18 Robot Miss Streak 7 | . 2 3 4 1 . 1 1 1 . 3 3 3 4 2 1 2 5 7 3 Penetration Max 2 | . . . . . . . . . . . 1 1 1 1 1 2 2 2 2 Secondary Targets 51 | . 3 1 . 1 . . . . . 2 4 5 7 5 . 1 7 15 . Max Gunslinging Chain 2 | . 1 1 . 1 . . . . . 1 1 1 1 1 . 1 1 2 . Autonomous 120 | . . . . . . 31 27 41 . 21 . . . . . . . . . Shots Hit Robots 2360 | 3 45 51 91 38 . 40 31 69 . 73 178 143 205 100 48 55 377 758 55 Core Hits 1121 | 1 21 24 35 20 . 9 9 27 . 29 83 78 103 44 17 46 170 319 86 Critical Kills 41 | . . . . . . . . . . . . 5 3 6 2 4 6 8 7 Critical Parts Destroyed 53 | . . . 2 . . . . . . . 1 4 2 8 1 1 13 9 12 Critical Strikes 126 | . 1 . 2 . . . . . . . 1 10 10 17 5 5 24 27 24 Burn 9 | . . . . . . . . . . . . 1 4 1 . . 1 2 . Meltdown 3 | . . . . . . . . . . . . . . . . . 1 1 1 Destroy 106 | . . . 2 . . . . . . . 1 9 6 16 5 5 22 18 22 Blast 7 | . . . . . . . . . . . . . . . . . . 6 1 Corrupt 1 | . 1 . . . . . . . . . . . . . . . . . . Melee Attacks 1 | . . . . . . . . 1 . . . . . . . . . . . Impact . | . . . . . . . . . . . . . . . . . . . . Slashing 1 | . . . . . . . . 1 . . . . . . . . . . . Piercing . | . . . . . . . . . . . . . . . . . . . . Sneak Attacks . | . . . . . . . . . . . . . . . . . . . . Combat Hostiles . | . . . . . . . . . . . . . . . . . . . . Follow-up Attacks . | . . . . . . . . . . . . . . . . . . . . Damage Inflicted 78464 | 29 482 505 917 740 . 973 745 1723 . 1466 3688 5400 6904 3646 1588 3789 13341 26266 6262 Guns 61368 | 29 457 505 917 549 . 969 745 1684 . 1466 3618 4900 6704 3646 1520 2321 10929 18968 1441 Cannons 6076 | . . . . . . . . . . . . . 131 . 40 235 1346 4032 292 Explosions 10648 | . 25 . . 189 . . . . . . . 469 . . . 1170 1057 3209 4529 Melee . | . . . . . . . . . . . . . . . . . . . . Ramming 372 | . . . . 2 . 4 . 39 . . 70 31 69 . 28 63 9 57 . Kinetic 56072 | 16 234 337 917 549 . 164 140 522 . 897 3401 4308 6090 3622 1560 2556 11084 18583 1092 Thermal 11630 | . 25 168 . . . 805 605 1162 . 569 217 1061 745 24 . . 1191 4417 641 Explosive 8697 | . . . . 189 . . . . . . . . . . . . 1057 2922 4529 Electromagnetic 1693 | 13 223 . . . . . . . . . . . . . . 1170 . 287 . Impact . | . . . . . . . . . . . . . . . . . . . . Slashing . | . . . . . . . . . . . . . . . . . . . . Piercing . | . . . . . . . . . . . . . . . . . . . . Highest Corruption 70 | . . . . . . . . . . . 1 2 2 3 3 5 . 45 70 Average Corruption 9 | . . . . . . . . . . . 1 1 2 2 3 3 . 20 48 Corruption Purged . | . . . . . . . . . . . . . . . . . . . . Corruption Blocked . | . . . . . . . . . . . . . . . . . . . . Effects 324 | . . . . . . . . . . . 11 10 20 15 8 15 . 203 42 Message Errors 57 | . . . . . . . . . . . . 1 5 4 4 1 . 42 . Matter Fused 62 | . . . . . . . . . . . 5 2 6 4 . 4 . 33 8 Heat Flow Errors 32 | . . . . . . . . . . . 3 . 3 3 1 2 . 19 1 Energy Discharges 26 | . . . . . . . . . . . . 2 2 . 1 2 . 17 2 Parts Rejected 5 | . . . . . . . . . . . . 1 . . . 1 . 2 1 Parts Fused 1 | . . . . . . . . . . . . . . . . . . . 1 Data Loss (minor) 30 | . . . . . . . . . . . 1 2 1 . 1 2 . 22 1 Data Loss (major) 12 | . . . . . . . . . . . . . 1 2 . 1 . 6 2 Misfires 13 | . . . . . . . . . . . . 1 . 1 . 1 . 10 . Alerts 5 | . . . . . . . . . . . 1 . 1 . 1 . . 2 . Misdirections 6 | . . . . . . . . . . . . . . . . . . 1 5 Weapon Failures 75 | . . . . . . . . . . . 1 1 1 1 . 1 . 49 21 Overload Shots 5 | . . . . . . . . . . . . 2 . 3 . . . . . Effects 1 | . . . . . . . . . . . . 1 . . . . . . . Heat Surge 1 | . . . . . . . . . . . . 1 . . . . . . . Overflow Damage 785 | . . . . . . . . . . . 9 115 . . 7 36 76 361 181 Projectiles 302 | . . . . . . . . . . . . . . . . 10 67 224 1 Explosions 467 | . . . . . . . . . . . . 115 . . . 26 9 137 180 Melee 16 | . . . . . . . . . . . 9 . . . 7 . . . . Knockbacks 32 | . . . . . . . . . . . . 1 1 . . . 10 19 1 Impact 4 | . . . . . . . . . . . . 1 1 . . . . 2 . Kinetic 27 | . . . . . . . . . . . . . . . . . 10 16 1 Secondary 1 | . . . . . . . . . . . . . . . . . . 1 . Self-Inflicted Damage 407 | . . . . . . . . . . . . . . . . 132 . 275 . Shots 7 | . . . . . . . . . . . . . . . . 2 . 5 . Rammed 20 | . . . . . . . . 2 . . 4 2 4 . 2 1 1 4 . Targets Rammed 24 | . . . . 1 . 1 . 2 . . 5 2 4 . 2 2 1 4 . Kicked . | . . . . . . . . . . . . . . . . . . . . Crushed 4 | . . . . 1 . 1 . . . . 1 . . . . 1 . . . Highest Temperature 655 | 20 86 303 90 101 . 28 . 34 . 7 175 217 220 346 183 338 525 655 188 Average Temperature 85 | 15 26 70 26 36 . 6 . 11 . 3 29 53 39 106 71 71 106 126 69 Received Heat Transfer 4614 | . 18 270 84 96 . 198 54 96 . 9 315 211 186 150 36 27 828 1648 388 Effects 22 | . . . . . . . . . . . . . . . . . 7 15 . Shutdowns 2 | . . . . . . . . . . . . . . . . . 1 1 . Energy Bleed 4 | . . . . . . . . . . . . . . . . . 2 2 . Interference 9 | . . . . . . . . . . . . . . . . . 3 6 . Matter Decay 2 | . . . . . . . . . . . . . . . . . 1 1 . Short Circuit 1 | . . . . . . . . . . . . . . . . . . 1 . Damage (minor) 3 | . . . . . . . . . . . . . . . . . . 3 . Damage (core) 1 | . . . . . . . . . . . . . . . . . . 1 . Siege Activations 24 | . . . . . . . . . . . . 2 2 4 2 1 4 8 1 Total Turns 472 | . . . . . . . . . . . . 25 15 53 8 11 140 202 18 Longest Duration 77 | . . . . . . . . . . . . 13 11 24 7 11 73 77 18 Martial Activations . | . . . . . . . . . . . . . . . . . . . . Shielding Activations . | . . . . . . . . . . . . . . . . . . . . Robots Disrupted . | . . . . . . . . . . . . . . . . . . . . Combat Hostiles . | . . . . . . . . . . . . . . . . . . . . Robots Corrupted 5 | . . . . . . . . . . . 1 . . . . 4 . . . Combat Hostiles 3 | . . . . . . . . . . . . . . . . 3 . . . Parts Fried 14 | . . . . . . . . . . . 5 . . . . 9 . . . Impact Corruptions 4 | . . . . . . . . . . . 2 . . . 1 1 . . . Robots Melted 5 | . . . . . . . . . . . . . . . . . 1 3 1 Combat Hostiles 5 | . . . . . . . . . . . . . . . . . 1 3 1 Parts Melted 31 | . . 2 . . . 2 4 3 . . . . 1 1 . . 4 14 . Heat Transferred 16361 | . . 407 . . . 1036 777 1443 . 740 450 1650 1950 150 . . 1797 5211 750 Parts Sabotaged 5 | . . . . . . . . . . . . . . . . . . . 5 Parts Stolen . | . . . . . . . . . . . . . . . . . . . . Parts Stripped . | . . . . . . . . . . . . . . . . . . . . Power Chain Reactions 1 | . 1 . . . . . . . . . . . . . . . . . . Alert | -11 -10 -10 -9 -9 -9 -8 -8 -7 -6 -6 -5 -4 -4 -4 -4 -4 -3 -2 -2 ------- Run | Yrd Mat Min Mat Min Exi Min Mat Fac Fac DSF Fac Fac Ext Cet Arc Hub Res Res Tes Maximum Alert Level 5 | . . . . . . . . . . 1 . 2 2 1 . 3 3 4 5 Low Security (%) 65 | 100 100 100 100 100 . 100 100 100 100 67 100 65 57 13 100 94 59 5 . Level 1 18 | . . . . . . . . . . 32 . 29 40 86 . . 21 36 . Level 2 6 | . . . . . . . . . . . . 4 1 . . . 15 19 . Level 3 7 | . . . . . . . . . . . . . . . . 5 2 36 . Level 4 . | . . . . . . . . . . . . . . . . . . 2 . Level 5 . | . . . . . . . . . . . . . . . . . . . . High Security . | . . . . . . . . . . . . . . . . . . . . Max Security 1 | . . . . . . . . . . . . . . . . . . . 99 Sterilizations 1 | . . . . . . . . . . 1 . . . . . . . . . Peak Influence 2227 | 5 156 82 60 124 . 71 71 71 10 215 144 536 493 345 185 753 722 1279 2227 Initial 616 | . . 40 . . . . . . 10 . 97 . 221 234 73 7 333 324 616 Average 212 | . 66 32 11 35 . 26 12 10 . 118 28 138 197 253 102 70 225 556 1837 Influence Increases 12404 | 5 303 279 280 386 . 148 210 280 . 215 615 1144 1072 485 162 973 1816 3215 816 Destroy 0b10 Robot/C 7600 | . 220 220 160 280 . 120 120 180 . 180 400 580 660 340 80 240 1320 1920 580 Destroy 0b10 Robot/NC 565 | 5 20 . 55 15 . 5 10 25 . 5 80 25 50 10 10 70 15 145 20 Destroy Leader 1496 | . 38 50 62 50 . 20 44 64 . 30 96 152 76 30 . 50 264 410 60 Allied During Kill 184 | . . 2 . . . . . . . . . . 140 42 . . . . . Successful Hack 99 | . 7 7 3 . . . 15 . . . . 17 19 5 . 12 . 14 . Disable Machine 540 | . 18 . . 18 . . 18 9 . . 9 90 18 18 36 135 27 99 45 Destroy Structure 1770 | . . . . 8 . 3 3 2 . . 30 220 94 40 36 466 160 597 111 Partial Spotted 15 | . . . . . . . . . . . . . 15 . . . . . . Lose Combat Pursuer 135 | . . . . 15 . . . . . . . 60 . . . . 30 30 . Influence Decreases 11232 | 5 180 402 280 386 . 148 210 254 26 . 830 618 1115 749 356 265 1887 2618 903 Entered New Map 2316 | . . 83 . . . . . . 16 . 118 . 305 249 146 18 400 338 643 Time Decay 7766 | 5 180 279 270 386 . 128 210 254 10 . 692 608 680 440 200 237 1257 1930 . Lost Part 930 | . . . 10 . . . . . . . 20 10 10 20 10 10 230 350 260 Lost Ally 220 | . . 40 . . . 20 . . . . . . 120 40 . . . . . Squads Dispatched 68 | . 1 . 2 . . . . 5 . 1 6 7 1 1 . 5 5 22 12 Investigation 4 | . 1 . . . . . . . . . . . . 1 . . 1 1 . Extermination 19 | . . . . . . . . 2 . . 3 3 . . . 1 . 10 . Reinforcement 24 | . . . 2 . . . . 2 . 1 3 4 1 . . 3 4 4 . Assault 20 | . . . . . . . . . . . . . . . . 1 . 7 12 Garrison 1 | . . . . . . . . 1 . . . . . . . . . . . Intercept . | . . . . . . . . . . . . . . . . . . . . Searches Triggered . | . . . . . . . . . . . . . . . . . . . . Construction Impeded 7 | . . . . . . . . 1 . . 1 1 1 . . 2 1 . . Haulers Reinforced 1 | . . . . . . . . . . . . 1 . . . . . . . Active Scanning Responses . | . . . . . . . . . . . . . . . . . . . . Cargo Convoy Interrupts 1 | . . . . . . . . . . . . 1 . . . . . . . Stealth | -11 -10 -10 -9 -9 -9 -8 -8 -7 -6 -6 -5 -4 -4 -4 -4 -4 -3 -2 -2 --------- Run | Yrd Mat Min Mat Min Exi Min Mat Fac Fac DSF Fac Fac Ext Cet Arc Hub Res Res Tes Distress Signals 24 | . 1 . 1 . . . . . . . . 5 1 2 . . 7 7 . Communications Jammed . | . . . . . . . . . . . . . . . . . . . . Distress Signals . | . . . . . . . . . . . . . . . . . . . . Times Spotted 472 | . 18 11 18 14 . 6 9 12 . 9 24 26 33 11 10 14 83 124 50 Peak Tracking Total 14 | . 5 3 4 4 . 3 2 2 . 3 4 6 4 6 1 3 13 6 14 Tactical Retreats 6 | . . . . 1 . . . . . . . 1 . . . . 2 2 . Traps | -11 -10 -10 -9 -9 -9 -8 -8 -7 -6 -6 -5 -4 -4 -4 -4 -4 -3 -2 -2 ------- Run | Yrd Mat Min Mat Min Exi Min Mat Fac Fac DSF Fac Fac Ext Cet Arc Hub Res Res Tes Traps Triggered 18 | . . . . . . . 1 2 . 1 3 1 1 . . 1 2 4 2 Indirectly . | . . . . . . . . . . . . . . . . . . . . Trap Hack Attempts . | . . . . . . . . . . . . . . . . . . . . Triggered . | . . . . . . . . . . . . . . . . . . . . Disarmed . | . . . . . . . . . . . . . . . . . . . . Reprogrammed . | . . . . . . . . . . . . . . . . . . . . Reused . | . . . . . . . . . . . . . . . . . . . . Traps Extracted . | . . . . . . . . . . . . . . . . . . . . Installed . | . . . . . . . . . . . . . . . . . . . . Triggered . | . . . . . . . . . . . . . . . . . . . . Machines | -11 -10 -10 -9 -9 -9 -8 -8 -7 -6 -6 -5 -4 -4 -4 -4 -4 -3 -2 -2 ---------- Run | Yrd Mat Min Mat Min Exi Min Mat Fac Fac DSF Fac Fac Ext Cet Arc Hub Res Res Tes Machines Disabled 64 | . 2 . . 2 . . 2 1 . . 1 10 5 3 4 15 3 11 5 Max in Single Turn 10 | . 1 . . 2 . . 1 1 . . 1 4 1 1 1 10 1 1 1 Garrison Access 5 | . . . . . . . . . 1 . . 2 . . . 1 . 1 . Network Hub 2 | . . . . . . . . . . . . . . . . 2 . . . Machines Repaired . | . . . . . . . . . . . . . . . . . . . . Machines Dismantled . | . . . . . . . . . . . . . . . . . . . . Machines Sabotaged . | . . . . . . . . . . . . . . . . . . . . Overloaded Fab Kills . | . . . . . . . . . . . . . . . . . . . . Hacking | -11 -10 -10 -9 -9 -9 -8 -8 -7 -6 -6 -5 -4 -4 -4 -4 -4 -3 -2 -2 --------- Run | Yrd Mat Min Mat Min Exi Min Mat Fac Fac DSF Fac Fac Ext Cet Arc Hub Res Res Tes Machines Accessed 36 | . 1 1 1 . 1 . 4 1 2 . 1 4 4 3 1 5 . 7 . Terminals 25 | . 1 1 1 . . . 4 1 1 . . 1 4 3 . 4 . 4 . Fabricators . | . . . . . . . . . . . . . . . . . . . . Repair Stations 2 | . . . . . . . . . . . . 1 . . . . . 1 . Recycling Units . | . . . . . . . . . . . . . . . . . . . . Scanalyzers . | . . . . . . . . . . . . . . . . . . . . Garrison Access 7 | . . . . . . . . . 1 . 1 2 . . . 1 . 2 . Total Hacks 88 | . 3 2 1 . 1 . 7 2 5 . 1 9 5 8 25 6 . 13 . Successful 61 | . 2 2 1 . 1 . 6 . 2 . . 7 4 4 25 4 . 3 . Failed 27 | . 1 . . . . . 1 2 3 . 1 2 1 4 . 2 . 10 . Catastrophic 11 | . . . . . . . . . 1 . 1 1 . 2 . 2 . 4 . Database Lockouts . | . . . . . . . . . . . . . . . . . . . . Manual 12 | . 1 1 . . 1 . 2 1 . . . . 3 . . . . 3 . Terminals 46 | . 3 2 1 . . . 7 2 2 . . 2 5 8 . 5 . 9 . Fabricators . | . . . . . . . . . . . . . . . . . . . . Repair Stations 6 | . . . . . . . . . . . . 4 . . . . . 2 . Recycling Units . | . . . . . . . . . . . . . . . . . . . . Scanalyzers . | . . . . . . . . . . . . . . . . . . . . Garrison Access 10 | . . . . . . . . . 3 . 1 3 . . . 1 . 2 . Terminal Hacks 51 | . 2 2 1 . 1 . 6 . 1 . . 1 4 4 25 3 . 1 . Record 32 | . . 1 . . . . 2 . . . . . . 4 25 . . . . Part Schematic 1 | . . . . . . . 1 . . . . . . . . . . . . Robot Analysis 1 | . . . . . . . 1 . . . . . . . . . . . . Open Door 2 | . . . . . . . . . . . . . 2 . . . . . . Open DSF 1 | . . . . . . . . . 1 . . . . . . . . . . Level Access Points 1 | . . . . . . . . . . . . . 1 . . . . . . Branch Access Points 4 | . 1 1 . . . . 1 . . . . 1 . . . . . . . Emergency Access Points 1 | . . . . . . . . . . . . . . . . 1 . . . Locate Traps 7 | . 1 . 1 . . . 1 . . . . . 1 . . 2 . 1 . Proto ID Catalog 1 | . . . . . 1 . . . . . . . . . . . . . . Fabricator Hacks . | . . . . . . . . . . . . . . . . . . . . Repair Station Hacks 5 | . . . . . . . . . . . . 4 . . . . . 1 . Scan Component 3 | . . . . . . . . . . . . 2 . . . . . 1 . Repair 2 | . . . . . . . . . . . . 2 . . . . . . . Recycling Unit Hacks . | . . . . . . . . . . . . . . . . . . . . Scanalyzer . | . . . . . . . . . . . . . . . . . . . . Garrison Access Hacks 5 | . . . . . . . . . 1 . . 2 . . . 1 . 1 . Seal Access 5 | . . . . . . . . . 1 . . 2 . . . 1 . 1 . Unauthorized Hacks . | . . . . . . . . . . . . . . . . . . . . Terminals . | . . . . . . . . . . . . . . . . . . . . Fabricators . | . . . . . . . . . . . . . . . . . . . . Repair Stations . | . . . . . . . . . . . . . . . . . . . . Recycling Units . | . . . . . . . . . . . . . . . . . . . . Scanalyzers . | . . . . . . . . . . . . . . . . . . . . Garrison Access . | . . . . . . . . . . . . . . . . . . . . Data Cores Recovered 2 | . . . . . . . . 1 . . 1 . . . . . . . . Used . | . . . . . . . . . . . . . . . . . . . . Hacking Detections 20 | . 1 1 1 . . . . . 2 . 1 2 3 2 . 2 . 5 . Full Trace Events 2 | . 1 . . . . . . . . . . . . 1 . . . . . Feedback Events 1 | . . . . . . . . . . . . . . 1 . . . . . Corruption 1 | . . . . . . . . . . . . . . 1 . . . . . Feedback Blocked . | . . . . . . . . . . . . . . . . . . . . Robot Schematics Acquired . | . . . . . . . . . . . . . . . . . . . . Robots Built . | . . . . . . . . . . . . . . . . . . . . Authchips . | . . . . . . . . . . . . . . . . . . . . Time . | . . . . . . . . . . . . . . . . . . . . Total Robot Build Rating . | . . . . . . . . . . . . . . . . . . . . Part Schematics Acquired 1 | . . . . . . . 1 . . . . . . . . . . . . Parts Built . | . . . . . . . . . . . . . . . . . . . . Authchips . | . . . . . . . . . . . . . . . . . . . . Time . | . . . . . . . . . . . . . . . . . . . . Total Part Build Rating . | . . . . . . . . . . . . . . . . . . . . Parts Repaired 2 | . . . . . . . . . . . . 2 . . . . . . . Time 88 | . . . . . . . . . . . . 88 . . . . . . . Parts Recycled . | . . . . . . . . . . . . . . . . . . . . Recycled Matter . | . . . . . . . . . . . . . . . . . . . . Retrieved Matter . | . . . . . . . . . . . . . . . . . . . . Retrieved Components . | . . . . . . . . . . . . . . . . . . . . Parts Scanalyzed . | . . . . . . . . . . . . . . . . . . . . Part Schematics Acquired . | . . . . . . . . . . . . . . . . . . . . Parts Damaged . | . . . . . . . . . . . . . . . . . . . . Bothacking | -11 -10 -10 -9 -9 -9 -8 -8 -7 -6 -6 -5 -4 -4 -4 -4 -4 -3 -2 -2 ------------ Run | Yrd Mat Min Mat Min Exi Min Mat Fac Fac DSF Fac Fac Ext Cet Arc Hub Res Res Tes Used RIF Installer . | . . . . . . . . . . . . . . . . . . . . Robots Hacked . | . . . . . . . . . . . . . . . . . . . . Non-combat . | . . . . . . . . . . . . . . . . . . . . Combat . | . . . . . . . . . . . . . . . . . . . . Robot Hacks Applied . | . . . . . . . . . . . . . . . . . . . . Relay Couplers Released 7 | . . . . . . . . . . . . 7 . . . . . . . Programmers 7 | . . . . . . . . . . . . 7 . . . . . . . Fabnet Peak Effective % . | . . . . . . . . . . . . . . . . . . . . Robots Rewired 9 | . . . . . . . . . . . . . 9 . . . . . . Allies Hacked . | . . . . . . . . . . . . . . . . . . . . Hacks Repelled . | . . . . . . . . . . . . . . . . . . . . Allies | -11 -10 -10 -9 -9 -9 -8 -8 -7 -6 -6 -5 -4 -4 -4 -4 -4 -3 -2 -2 -------- Run | Yrd Mat Min Mat Min Exi Min Mat Fac Fac DSF Fac Fac Ext Cet Arc Hub Res Res Tes Total Allies 18 | . . 2 . 3 . . . . . . . . 13 . . . . . . Largest Group 8 | . . 2 . 3 1 1 . . . . . . 8 5 . . . . . Highest-Rated Group 358 | . . 42 . 40 16 16 . . . . . . 358 235 . . . . . Highest-Rated Ally 51 | . . 31 . 16 16 16 . . . . . . 51 51 . . . . . Initial Warlord ECA Mod 68 | . . . . . . . . . . . 9 8 8 8 8 8 7 6 6 Total Orders . | . . . . . . . . . . . . . . . . . . . . Ally Attacks 101 | . . 9 . 8 . 9 . . . . . . 38 37 . . . . . Total Damage 1826 | . . 107 . 82 . 93 . . . . . . 836 708 . . . . . Kills 11 | . . 2 . 1 . 1 . . . . . . 4 3 . . . . . Allies Corrupted 1 | . . . . . . . . . . . . . 1 . . . . . . Allies Melted . | . . . . . . . . . . . . . . . . . . . . Turrets Deployed 1 | . . . . . 1 . . . . . . . . . . . . . . Intel | -11 -10 -10 -9 -9 -9 -8 -8 -7 -6 -6 -5 -4 -4 -4 -4 -4 -3 -2 -2 ------- Run | Yrd Mat Min Mat Min Exi Min Mat Fac Fac DSF Fac Fac Ext Cet Arc Hub Res Res Tes Active Infowar (turns) 5984 | 1 426 616 939 1221 646 389 735 1011 . . . . . . . . . . . Seismic 5984 | 1 426 616 939 1221 646 389 735 1011 . . . . . . . . . . . Robot Analysis Total 1 | . . . . . . . 1 . . . . . . . . . . . . Derelict Logs Recovered 4 | . . 2 . 2 . . . . . . . . . . . . . . . Drone Launches . | . . . . . . . . . . . . . . . . . . . . Drone Recoveries . | . . . . . . . . . . . . . . . . . . . . Exploration | -11 -10 -10 -9 -9 -9 -8 -8 -7 -6 -6 -5 -4 -4 -4 -4 -4 -3 -2 -2 ------------- Run | Yrd Mat Min Mat Min Exi Min Mat Fac Fac DSF Fac Fac Ext Cet Arc Hub Res Res Tes Turns Passed 21659 | 62 426 644 939 1221 646 389 735 1308 328 365 2383 1725 1374 888 400 755 2884 3876 311 Spaces Moved 10335 | 33 185 341 436 704 399 224 380 707 200 160 1076 697 628 465 214 373 1346 1673 94 Core 10 | 5 . . . . . . . . . . . . . . . . . . 5 Treads 10325 | 28 185 341 436 704 399 224 380 707 200 160 1076 697 628 465 214 373 1346 1673 89 Legs . | . . . . . . . . . . . . . . . . . . . . Wheels . | . . . . . . . . . . . . . . . . . . . . Hover . | . . . . . . . . . . . . . . . . . . . . Flight . | . . . . . . . . . . . . . . . . . . . . Fastest Speed 50 | 50 160 160 160 160 160 160 160 160 162 162 168 165 155 155 155 155 148 148 50 Average Speed 160 | 143 160 160 160 160 160 160 185 161 162 167 168 165 157 155 155 155 160 151 148 Slowest Speed 242 | 160 160 160 160 160 160 160 240 162 162 242 168 168 165 155 155 160 240 225 240 Overloaded Moves . | . . . . . . . . . . . . . . . . . . . . Propulsion Burnouts . | . . . . . . . . . . . . . . . . . . . . Robots Hopped 1 | . . . . . 1 . . . . . . . . . . . . . . Potential Cave-ins 4 | . . . . . . . . . . . . . . . . 3 . . 1 Cave-ins Triggered . | . . . . . . . . . . . . . . . . . . . . Exploration Rate (%) 47 | 4 34 62 34 97 71 62 29 16 5 94 23 11 76 90 98 48 36 46 13 Regions Visited 19 Branch Regions 9 Pre-discovered Areas . | . . . . . . . . . . . . . . . . . . . . Known Exits Taken 5 | . 1 . 1 . . . . . 1 . . 1 . . . 1 . . . Unknown Exits Taken 13 | 1 . 1 . 1 1 1 1 1 . . 1 . 1 1 1 . 1 1 . Scrap Searched 5 | . . 2 . 2 . 1 . . . . . . . . . . . . . Spaces Dug 25 | . . . . . . . . . . . . 2 . . . 7 . 15 1 Terrain Destroyed 1112 | . . . . 8 . 3 3 1 . . 17 136 82 24 19 354 122 277 66 Melee . | . . . . . . . . . . . . . . . . . . . . Projectile 545 | . . . . . . 3 3 1 . . 3 63 82 24 19 53 107 149 38 AOE 564 | . . . . 8 . . . . . . 13 73 . . . 301 15 127 27 Terrain Rammed . | . . . . . . . . . . . . . . . . . . . . Walls Destroyed . | . . . . . . . . . . . . . . . . . . . . Machines Disabled . | . . . . . . . . . . . . . . . . . . . . Actions | -11 -10 -10 -9 -9 -9 -8 -8 -7 -6 -6 -5 -4 -4 -4 -4 -4 -3 -2 -2 --------- Run | Yrd Mat Min Mat Min Exi Min Mat Fac Fac DSF Fac Fac Ext Cet Arc Hub Res Res Tes Total 13778 | 42 258 389 599 754 408 242 404 843 204 233 1540 1148 889 572 260 507 1799 2499 188 Wait 1872 | . 21 2 95 23 1 . . 84 . 12 371 336 103 42 22 102 235 421 2 Move 10314 | 32 184 340 435 703 396 223 379 706 199 159 1075 696 627 464 213 372 1345 1672 94 Hop 1 | . . . . . 1 . . . . . . . . . . . . . . Pick Up 160 | 1 8 5 7 1 4 2 5 8 1 7 10 4 7 10 3 2 25 49 1 Fast Attach 74 | 7 1 . 2 . . . 2 2 . 2 1 7 4 1 . 2 17 19 7 Attach 95 | . . . 2 . . 1 . 2 2 2 4 3 2 2 1 2 21 37 14 Detach 6 | . . . . . . . . . . . . . . . . . 1 4 1 Swap 216 | . 4 7 5 5 1 . 3 13 1 13 9 21 13 11 3 5 38 60 4 Drop 180 | . 4 4 8 1 5 2 5 6 1 16 11 15 21 10 5 3 17 44 2 Fire 749 | 2 36 31 45 20 . 13 10 19 . 22 54 64 55 32 11 17 99 189 30 Melee 1 | . . . . . . . . 1 . . . . . . . . . . . Ram . | . . . . . . . . . . . . . . . . . . . . Kick . | . . . . . . . . . . . . . . . . . . . . Crush 24 | . . . . 1 . 1 . 2 . . 5 2 4 . 2 2 1 4 . Escape Stasis 33 | . . . . . . . . . . . . . . . . . . . 33 Rewire 53 | . . . . . . . . . . . . . 53 . . . . . . Trap . | . . . . . . . . . . . . . . . . . . . . Miscellaneous . | . . . . . . . . . . . . . . . . . . . . Route ------- -11/Scrapyard -10/Materials -10/Mines -9/Materials (discovered 3 exits: *Mat / *Min x2) -9/Mines (discovered 3 exits: *Mat x2 / *Exi) -9/Exiles -8/Mines -8/Materials (discovered 2 exits: *Fac / *Sto) -7/Factory -6/Factory -6/DSF -5/Factory -4/Factory (discovered 4 exits: Upp x2 / *Ext x2) -4/Extension (discovered 3 exits: *Res x2 / *Cet) -4/Cetus (discovered 3 exits: *Res x2 / *Arc) -4/Archives (discovered 3 exits: *Res / *Hub x2) -4/Hub_04(d) -3/Research -2/Research -2/Testing History --------- Turn | Location | Event 5 | -11/Scrapyard | Discovered new exit (range 14) 63 | -11/Scrapyard | Entered Materials 316 | -10/Materials | Build established: Mutant 357 | -10/Materials | Discovered new exit (range 12) 471 | -10/Materials | Identified exit to Mines 489 | -10/Materials | Entered Mines 569 | -10/Mines | Discovered new exit (range 5) 1133 | -10/Mines | Entered Materials 1133 | -9/Materials | Evolved 2 slots: Propulsion x1, Weapon x1 1134 | -9/Materials | Identified exit to Mines 1421 | -9/Materials | Build established: Scavenger-Gunner 1723 | -9/Materials | Discovered new exit (range 9) 2072 | -9/Materials | Entered Mines 2075 | -9/Mines | Met a Derelict bent on vengeance 2257 | -9/Mines | Assembled infested the area 2422 | -9/Mines | Discovered new exit (range 7) 2789 | -9/Mines | Learned Materials terminal intel 2794 | -9/Mines | Learned Materials terminal intel 2885 | -9/Mines | Discovered new exit (range 9) 2944 | -9/Mines | Assisted by bots powering up and referring to "LRC-V3" 3283 | -9/Mines | Deemed a non-threat by the Exiles lab entrance 3283 | -9/Mines | Discovered new exit (range 5) 3293 | -9/Mines | Entered Exiles 3293 | -9/Exiles | Accompanied by 1 ally 3332 | -9/Exiles | Met 8R-AWN 3359 | -9/Exiles | Met EX-HEX 3410 | -9/Exiles | Met EX-BIN 3431 | -9/Exiles | Aligned with FarCom system 3433 | -9/Exiles | Given EX-Vault access code 3469 | -9/Exiles | Opened EX-Vault 3480 | -9/Exiles | Found Deploy-a-Sentry 3483 | -9/Exiles | DAS Turret deployed 3498 | -9/Exiles | Found AWS/Thermal 3539 | -9/Exiles | Warned to stay clear of 0b10 Research branches 3587 | -9/Exiles | Met EX-DEC 3649 | -9/Exiles | Visited The Gauntlet 3772 | -9/Exiles | Build established: Gunner 3914 | -9/Exiles | Discovered new exit (range 14) 3939 | -9/Exiles | Left Exiles lab with AWS/Thermal 3939 | -9/Exiles | Entered Mines 3939 | -8/Mines | Accompanied by 1 ally 4228 | -8/Mines | Build established: Skirmisher 4273 | -8/Mines | Discovered new exit (range 8) 4328 | -8/Mines | Entered Materials 4328 | -8/Materials | Evolved 2 slots: Utility x2 4329 | -8/Materials | Identified exit to Storage 4330 | -8/Materials | Loaded intel: 12 terminal locations 4593 | -8/Materials | Discovered new exit (range 16) 4927 | -8/Materials | Build established: Scavenger-Skirmisher 5063 | -8/Materials | Entered Factory 5063 | -7/Factory | Evolved 2 slots: Propulsion x1, Weapon x1 5577 | -7/Factory | Build established: Scavenger-Gunner 5738 | -7/Factory | Garrison activated, responded to threat 6304 | -7/Factory | Discovered new exit (range 6) 6371 | -7/Factory | Entered another Factory area 6371 | -6/Factory | Evolved 2 slots: Propulsion x1, Weapon x1 6699 | -6/Factory | Identified exit to DSF 6699 | -6/Factory | Entered DSF 6754 | -6/DSF | Additional patrols routed to DSF 6899 | -6/DSF | AWS/Thermal suddenly broke down 6965 | -6/DSF | Sterilization system engaged 6980 | -6/DSF | Discovered new exit (range 15) 6985 | -6/DSF | Ambient heat levels rising (+10) 7000 | -6/DSF | Ambient heat levels rising (+10) 7015 | -6/DSF | Ambient heat levels rising (+10) 7030 | -6/DSF | Ambient heat levels rising (+10) 7045 | -6/DSF | Ambient heat levels rising (+10) 7060 | -6/DSF | Ambient heat levels rising (+10) 7064 | -6/DSF | Entered Factory 7064 | -5/Factory | Evolved 2 slots: Utility x2 9412 | -5/Factory | Discovered new exit (range 15) 9447 | -5/Factory | Entered another Factory area 9447 | -4/Factory | Evolved 2 slots: Utility x1, Weapon x1 9700 | -4/Factory | Repaired Gauss Rifle 9745 | -4/Factory | Repaired Gauss Rifle 10281 | -4/Factory | Build established: Executioner 10454 | -4/Factory | Identified exit to Upper Caves 10454 | -4/Factory | Identified exit to Extension 10522 | -4/Factory | Cargo convoy interrupted 10912 | -4/Factory | Build established: Scavenger-Executioner 11172 | -4/Factory | Entered Extension 11275 | -4/Extension | Identified exit to Research 11831 | -4/Extension | Spotted B-86 Titan 11856 | -4/Extension | Destroyed B-86 Titan 11897 | -4/Extension | Spotted B-86 Titan 11902 | -4/Extension | Destroyed B-86 Titan 11947 | -4/Extension | Disrupted transfer network 12088 | -4/Extension | Rescued a captive Derelict 12089 | -4/Extension | Rescued a captive Derelict 12272 | -4/Extension | Rescued a captive Derelict 12272 | -4/Extension | Rescued a captive Derelict 12490 | -4/Extension | Disrupted transfer network 12505 | -4/Extension | Discovered new exit (range 6) 12546 | -4/Extension | Entered Cetus 12546 | -4/Cetus | Accompanied by 5 allies 12547 | -4/Cetus | Destroyed 8 combat bots 12568 | -4/Cetus | Spotted Cetus Guard 12575 | -4/Cetus | Destroyed Cetus Guard 12578 | -4/Cetus | Destroyed Cetus Guard 12936 | -4/Cetus | Discovered exit to Research (range 16) 13060 | -4/Cetus | Discovered new exit (range 16) 13099 | -4/Cetus | Spotted Cetus Guard 13101 | -4/Cetus | Spotted Cetus Guard 13104 | -4/Cetus | Destroyed Cetus Guard 13104 | -4/Cetus | Destroyed Cetus Guard 13120 | -4/Cetus | Destroyed Cetus Guard 13143 | -4/Cetus | Discovered exit to Research (range 15) 13150 | -4/Cetus | Met Revision 17 13296 | -4/Cetus | Security sweep announced 13434 | -4/Cetus | Entered Archives 13547 | -4/Archives | Discovered new exit (range 16) 13568 | -4/Archives | Discovered new exit (range 16) 13584 | -4/Archives | Unable to access archive contents 13599 | -4/Archives | Unable to access archive contents 13615 | -4/Archives | Discovered exit to Research (range 16) 13623 | -4/Archives | Unable to access archive contents 13660 | -4/Archives | Unable to access archive contents 13834 | -4/Archives | Entered Hub_04(d) 14404 | -4/Hub_04(d) | Discovered exit to Research (range 11) 14547 | -4/Hub_04(d) | Network Hub disabled 14547 | -4/Hub_04(d) | Network Hub disabled 14577 | -4/Hub_04(d) | Spotted Lightning 14584 | -4/Hub_04(d) | First assault squad dispatched 14589 | -4/Hub_04(d) | Spotted Lightning 14589 | -4/Hub_04(d) | Spotted Lightning 14589 | -4/Hub_04(d) | Entered Research 14589 | -3/Research | Evolved 2 slots: Propulsion x1, Weapon x1 14789 | -3/Research | Revision forces began assault on 0b10 14792 | -3/Research | Met up with Revision 17++ 15289 | -3/Research | Research terminal network offline 15503 | -3/Research | Spotted Striker 15508 | -3/Research | Spotted Striker 15511 | -3/Research | Destroyed Striker 15590 | -3/Research | Discovered new exit (range 7) 16125 | -3/Research | Spotted Striker 16127 | -3/Research | Spotted Executioner 16130 | -3/Research | Destroyed Striker 16130 | -3/Research | Destroyed Executioner 16215 | -3/Research | Spotted Striker 16264 | -3/Research | Spotted Striker 16265 | -3/Research | Destroyed Striker 16285 | -3/Research | Spotted Striker 16705 | -3/Research | Spotted Striker 16707 | -3/Research | Spotted Striker 16716 | -3/Research | Destroyed Striker 16750 | -3/Research | Destroyed Striker 16770 | -3/Research | Lost 3 allies 16860 | -3/Research | Spotted Striker 16863 | -3/Research | Destroyed Striker 16874 | -3/Research | Spotted Striker 16877 | -3/Research | Spotted Striker 16899 | -3/Research | Destroyed Striker 16968 | -3/Research | Destroyed 17 combat bots 16973 | -3/Research | Lost 10 parts (1n4u5w) 16983 | -3/Research | Spotted Striker 16983 | -3/Research | Destroyed Striker 16990 | -3/Research | Spotted Executioner 16996 | -3/Research | Destroyed Executioner 17050 | -3/Research | Destroyed Striker 17066 | -3/Research | Spotted Striker 17076 | -3/Research | Spotted Executioner 17082 | -3/Research | Destroyed Striker 17096 | -3/Research | Destroyed Executioner 17129 | -3/Research | Spotted Striker 17130 | -3/Research | Destroyed 9 combat bots 17130 | -3/Research | Lost 8 parts (2n3u3w) 17132 | -3/Research | Spotted Striker 17136 | -3/Research | Destroyed Striker 17297 | -3/Research | Spotted Striker 17298 | -3/Research | Spotted Striker 17304 | -3/Research | Destroyed Striker 17316 | -3/Research | Destroyed Striker 17366 | -3/Research | Lost 3 parts (1n2u) 17473 | -3/Research | Entered another Research area 17473 | -2/Research | Evolved 2 slots: Utility x1, Weapon x1 18551 | -2/Research | System corruption reached 10% 18593 | -2/Research | Destroyed 7 combat bots 18597 | -2/Research | Lost 3 parts (1n2u) 18671 | -2/Research | Found Prototype Processor 18671 | -2/Research | Identified Exp. Target Analyzer 18723 | -2/Research | First assault squad dispatched 19179 | -2/Research | Lost 4 parts (1u3w) 19200 | -2/Research | Spotted B-90 Cyclops 19205 | -2/Research | Destroyed B-90 Cyclops 19407 | -2/Research | Spotted B-90 Cyclops 19429 | -2/Research | Destroyed B-90 Cyclops 19646 | -2/Research | Lost 3 parts (1n1u1w) 19714 | -2/Research | Destroyed 7 combat bots 19993 | -2/Research | Lost 3 parts (1u2w) 20332 | -2/Research | Found Prototype Launcher 20332 | -2/Research | Identified Ragnarok Missile Launcher 20339 | -2/Research | Found Ragnarok Missile Launcher 20678 | -2/Research | System corruption reached 30% 20734 | -2/Research | Lost 3 parts (2u1w) 20893 | -2/Research | Spotted B-90 Cyclops 20893 | -2/Research | Destroyed B-90 Cyclops 21166 | -2/Research | Core integrity fell below 50% 21204 | -2/Research | Destroyed 8 combat bots 21209 | -2/Research | Lost 3 parts (1n2u) 21317 | -2/Research | Discovered new exit (range 15) 21349 | -2/Research | Entered Testing 21350 | -2/Testing | Maximum security lockdown engaged 21410 | -2/Testing | Found Prototype Ballistic Gun 21410 | -2/Testing | Identified Hyp. Multirail 21491 | -2/Testing | Spotted Striker 21491 | -2/Testing | Spotted Striker 21495 | -2/Testing | Spotted Striker 21495 | -2/Testing | Spotted Executioner 21499 | -2/Testing | Destroyed Executioner 21499 | -2/Testing | Destroyed Striker 21511 | -2/Testing | Destroyed Striker 21523 | -2/Testing | Destroyed Striker 21549 | -2/Testing | Lost 9 parts (3n2u4w) 21584 | -2/Testing | Spotted Investigator 21586 | -2/Testing | Scanned by Researcher 21586 | -2/Testing | Destroyed Investigator 21641 | -2/Testing | Destroyed 30 combat bots 21646 | -2/Testing | Core integrity fell below 20% 21657 | -2/Testing | Released all parts (4) 21660 | -2/Testing | Destroyed by G-73 Enforcer with Phase Gun Last Messages --------------- 21656_ E-15 Imp destroyed. 21656_ Stasis bubble strength at 2. 21656_ Penetrated by Slug. 21656_ Slug penetrates Wall. 21656_ L-61 Swordsman overheating. 21657_ G-73 Enforcer overheating. 21657_ C-30 ARC bursts open, deploying its payload. 21657_ G-73 Enforcer unfolds itself. 21657_ Released Hcp. Storage Unit. 21657_ Released Matter Compressor. 21657_ Released Adv. Coolant Injector. 21657_ Released Com. Linear Accelerator. 21657_ Stasis bubble bursts. 21658_ G-73 Enforcer overheating. 21658_ M-36 Artificer repairs G-73 Enforcer Lgt. Quantum Reactor. 21659_ L-61 Swordsman heat damages core (-22). 21660_ L-61 Swordsman overheating. 21660_ Penetrated by Slug. Map ----- +----------------------------------------------------+ | ?????????????????????????????????????????????????? | | ?????????????????????????????????????????????????? | | ?????????????????????????????????????????????????? | | ?????????????????????????????????????????????????? | | ?????????????????????????????????????????????????? | | ?????????????????????????????????????????????????? | | ?????????????????????????????????????????????????? | | ?????????????????????????????????????????????????? | | ??????????????????? ?? ??????? ?????????????????? | | ??????????????????# """"?"" # ???????????????? | | ??????????????????# """g""""! h ?????????????? | | ??????????????????#%h"" "" "g*%!#h ?????????????? | | ??????????????????# gg m[%%/ C ????????????? | | ?????????????????## =]!%=# ????????????? | | ?????????????????? ph g % *%g[% "???????????? | | ??????????????????? ! *%* # ???????????? | | ???????????????????? ! # "???????????? | | ???????????????????? *=* "????????????? | | ??????????????????###;=%% """#??????????? | | ??????????????????# #%%!%% %g [ #??????????? | | ???################;;;%/! # #??????????? | | ?### """ # %lppp%!% ;;"#?????????????? | | ?#"" "T" # %[!/[%* # #??????????????? | | ?#"" # ]!%=/*! ; #??????????????? | | ?#"T """"""" " =!]=%!! #????????????????? | | ?#"" """""" # #####!=@ ###" #??????????????? | | ?#"" """"""" # ##??#!/ # ##???#??????????????? | | ??## #^ "####]## #???????????????????? | | ???# #^ ^^# """""### #???????????????????? | | ???########### # " " "#??# #??????????????????? | | ############## # "#???# #?????????????????? | | # # + ] "##????# #????????????????? | | # # # " #??????# #???????????????? | | # # # " ""#???????# #??????????????? | | # # #####??????????#;??????????????? | | # # #???????????????? ?????????????? | | # """ """ + #????????????????? ????????????? | | #[ """ """ # #??????????????????????????????? | | # """ """ # #??????????????????????????????? | | # """ """ # #??????????????????????????????? | | #?? """ """ # #??????????????????????????????? | | ??? """ """ # #??????????????????????????????? | | ????? # #??????????????????????????????? | | ?????######### #??????????????????????????????? | | ?????????????# #??????????????????????????????? | | ?????????????# #??????????????????????????????? | | ?????????????# #??????????????????????????????? | | ?????????????# #??????????????????????????????? | | ?????????????# #??????????????????????????????? | | ?????????????######??????????????????????????????? | +----------------------------------------------------+ Best States ------------- Heat Dissipation 118 Coolant Potential 120 Energy Generation 31 Energy Capacity 350 Matter Stores 370 Matter Capacity 550 Sight Range 16 Terrain Scan Density 10 Power Amplification 30 Armor Coverage 900 Resistance: KI 20 Resistance: TH 20 Resistance: EX 20 Resistance: EM 20 Resistance: I 20 Resistance: S 20 Resistance: P 20 Weapon Shielding 90 Point Defense Rating 240 Weapon Cycling 15 Phase Shifting 15 Evasion (%) 55 Core Analysis 6 Recoil Reduction 12 Matter Filtering 30 Kinecelleration 40 Offensive Hacking 10 Item Schematics ----------------- Hcp. Storage Unit | -8/Materials | Hacked Robot Schematics ------------------ None Fabricated ------------ Nothing Repaired ---------- Gauss Rifle | 31% | -4/Factory Gauss Rifle | 32% | -4/Factory Alien Tech Used ----------------- None Achievements -------------- Collateral Damage No Explosion For You Revising The Future Revolutionary Research Challenges ------------ None Game ------ Seed OmegaStasisCarapace Manual? 0 Play Time 03:19:00 Cumulative 59.9 hours Start 2025.09.17 @ 15:54:30 End 2025.09.18 @ 00:15:58 Sessions 2 Manual Loads 0 Difficulty Adventurer Special Mode None Game No. 33 Rogue 0 Adventurer 33 Explorer 0 Win Type - Total 1 Types 1/0/0/0/0/0/0/0/0/0 Lore% 21 Gallery% 44 Achievement% 45 Wizard Run 0 Options --------- Layout 1 ASCII 0 Keyboard 0 Movement Mouse Keybinds 0 Fullscreen 1 Font 24/Smallcaps Map View 25x17 Zoom Use 31% Tactical HUD 1 Map Filters NONE Filters NONE Steam 1 RUN: 629a5008-3c4c-4bfc-84e9-53bce8b45196